 Dungeon Crawl Stone Soup version 0.29.1-1-gd02db6906a (webtiles) character file.

Game seed: 8600841987261010844

25 Iusername the Shield-Bearer (level 2, 0/27 HPs)
             Began as a Minotaur Fighter on Sept 19, 2022.
             Slain by a ball python (2 damage)
             ... on level 2 of the Dungeon.
             The game lasted 00:00:46 (659 turns).

Iusername the Shield-Bearer (Minotaur Fighter)       Turns: 659, Time: 00:00:47

Health: 0/27       AC:  7    Str: 20    XL:     2   Next: 86%
Magic:  1/1        EV:  6    Int:  5    God:
Gold:   31         SH:  4    Dex:  9    Spells: 1/1 levels left

rFire   . . .      SeeInvis .   a - +0 long sword
rCold   . . .      Faith    .   c - +0 buckler
rNeg    . . .      Spirit   .   b - +0 scale mail
rPois   .          Reflect  .   (helmet restricted)
rElec   .          Harm     .   (no cloak)
rCorr   .          Rampage  .   (no gloves)
Will    .....                   (no boots)
Stlth   ..........              (no amulet)
HPRegen 0.09/turn               (no ring)
MPRegen 0.07/turn               (no ring)

@: constricted
A: horns 2, retaliatory headbutt
a: no special abilities


You were on level 2 of the Dungeon.
You visited 1 branch of the dungeon, and saw 2 of its levels.

You collected 31 gold pieces.

Inventory:

Hand Weapons
 a - a +0 long sword (weapon)
Armour
 b - a +0 scale mail (worn)
 c - a +0 buckler (worn)
Scrolls
 e - 2 scrolls of teleportation {unknown}
 g - a scroll of torment {unknown}
 h - 3 scrolls of identify {unknown}
 k - a scroll of summoning {unknown}
Potions
 d - a potion of might
 f - 2 potions of attraction {unknown}
 i - 2 potions of haste {unknown}
 j - 2 potions of curing {unknown}


   Skills:
 + Level 4.0 Fighting
 + Level 2.5 Long Blades
 + Level 3.8 Armour
 + Level 4.4 Shields


You had one spell level left.
You didn't know any spells.
Your spell library contained the following spells:

 Spells                   Type           Power      Damage    Failure   Level
 Ensorcelled Hibernation  Hex/Ice        0%         N/A       96%         2
 Passwall                 Tmut/Erth      0%         N/A       96%         2
 Swiftness                Air            0%         N/A       99%         3


Dungeon Overview and Level Annotations

Branches:
Dungeon (2/15)

Altars:


Innate Abilities, Weirdness & Mutations

You have a pair of horns on your head.
You reflexively headbutt those who attack you in melee.


Message History

The ball python bites you but does no damage.
The ball python constricts you.
You barely miss the worm.
The worm is severely wounded.
The ball python bites you.
* * * LOW HITPOINT WARNING * * *
The ball python constricts you. The worm bites you.
* * * LOW HITPOINT WARNING * * *
You slash the worm!
You kill the worm!
The ball python bites you but does no damage.
The ball python constricts you.
* * * LOW HITPOINT WARNING * * *
The ball python bites you.
* * * LOW HITPOINT WARNING * * *
The ball python constricts you.
A ball python is nearby!
A ball python is nearby!
Unknown command.
Unknown command.
A ball python is nearby!
Unknown command.
A ball python is nearby!
A ball python is nearby!
A ball python is nearby!
The ball python's grasp on you weakens, but your attempt to escape fails.
You block the ball python's attack. The ball python constricts you.
You escape the ball python's grasp.
The ball python attacks as you move away!
The ball python bites you.
* * * LOW HITPOINT WARNING * * *
You block the ball python's attack.
Found a rapier, a scroll labelled BIEME HOANI and a scroll labelled YRAD PANYK.
You barely miss the ball python. Your headbutt misses the ball python.
You block the ball python's attack. The ball python closely misses you.
You hit the ball python.
The ball python is heavily wounded.
The ball python completely misses you. The ball python grabs you.
The ball python constricts you. The ball python bites you.
You die...

## #.# . . #.#
.. #.#.#
#.##.#.##
..../. #.#†##
#..<.###.##
#####..S.......
.......@.###.#.
#######.## ...
..... ..#####
#..#$??#.
#..#)!/#..
#..#)??#..#


You could see a ball python.

Vanquished Creatures
  A worm (D:2)
  2 dart slugs (D:1)
  4 endoplasms (D:1)
  2 hobgoblins (D:1)
  3 kobolds (D:1)
  2 ball pythons
  2 bats (D:1)
  A frilled lizard (D:1)
  2 rats (D:1)
19 creatures vanquished.

Notes
Turn   | Place    | Note
-------+----------+-------------------------------------------
     0 | D:1      | Iusername the Minotaur Fighter began the quest for the Orb.
     0 | D:1      | Reached XP level 1. HP: 19/19 MP: 0/0
   119 | D:1      | Reached XP level 2. HP: 22/26 MP: 1/1
   659 | D:2      | Slain by a ball python

Illustrated notes

Levels and vault maps discovered:
D:1:      zaba_arrival_water, layout_basic, minmay_misc_feat_more_columns,
          corexii_leaking_fountain
D:2:      layout_loops_ring, dilly_ecumenical_altar_fadedgnrine,
          due_unseen_surprise

Skill      XL: |  1  2 |
---------------+-------+-----
Shields        | 4 |  4.4
Fighting       | 4 |  4.0
Long Blades    | |  2.5
Armour         | |  3.8

Action                   || total
-------------------------++-------
Melee: Long sword        ||    49
       Headbutt          ||     2
Armor: Scale mail        ||    27
Dodge: Dodged            ||    33
Block: Buckler           ||    13
